 Dungeon Crawl Stone Soup version 0.28-a0-32-g8dfe7f97f6 (webtiles) character file.

Game seed: 17422668431941139341

36 robertstho the Magician (level 3, -5/25 HPs)
             Began as a Djinni Fire Elementalist on July 27, 2021.
             Slain by an iguana (10 damage)
             ... on level 2 of the Dungeon.
             The game lasted 00:01:42 (1485 turns).

robertstho the Magician (Djinni Fire Elementalist)  Turns: 1485, Time: 00:01:43

Health: -5/25      AC:  2    Str:  7    XL:     3   Next: 57%
Gold:   62         EV: 12    Int: 17    God:
                   SH:  0    Dex: 13

rFire   + + .      SeeInvis .   b - +0 dagger
rCold   x . .      Faith    .   (no shield)
rNeg    . . .      Spirit   .   a - +0 robe
rPois   ∞          Reflect  .   (no helmet)
rElec   .          Harm     .   (no cloak)
rCorr   .          Rampage  .   (no gloves)
Will    .....                   (boots unavailable)
Stlth   ++........              (no amulet)
HPRegen 0.08/turn               (no ring)
MPRegen 0.00/turn               (no ring)

@: flying
A: sickness immunity, fire resistance 2, cold vulnerability 1, float, innate
caster, hp casting, extra vitality 1
a: no special abilities


You were on level 2 of the Dungeon.
You visited 1 branch of the dungeon, and saw 2 of its levels.

You collected 62 gold pieces.

Inventory:

Hand Weapons
 b - a +0 dagger (weapon)
Armour
 a - a +0 robe (worn)
Jewellery
 e - a ring of protection from cold
Scrolls
 c - a scroll of blinking {unknown}
 d - a scroll of brand weapon {unknown}
 f - a scroll of identify {unknown}


   Skills:
 + Level 2.3 Dodging
 + Level 1.7 Stealth
 + Level 3.3 Spellcasting


You couldn't memorise any spells.
You knew the following spells:

 Your Spells              Type           Power      Damage    Failure   Level
a - Foxfire               Conj/Fire      56%        2x1d6     4%          1
b - Conjure Flame         Conj/Fire      14%        6-21      13%         3
c - Inner Flame           Hex/Fire       14%        N/A       13%         3
d - Sticky Flame          Conj/Fire      14%        2d4       41%         4
e - Fireball              Conj/Fire      7%         3d5       77%         5
f - Beastly Appendage     Tmut           28%        N/A       4%          1
Your spell library was empty.

Dungeon Overview and Level Annotations

Branches:
Dungeon (2/15)

Altars:


Innate Abilities, Weirdness & Mutations

You are immune to sickness and miasma.
You are immune to poison.
Your flesh is very heat resistant. (rF++)
You are vulnerable to cold. (rC-)
You float through the air rather than walking.
You learn spells naturally, not from books.
Your magical power is your life essence.
You have superior vitality. (+4 HP)


Message History

Casting: Foxfire (safe; 4% risk of failure)
Press: ? - help, Q - select action, (/) - cycle Dir - look around, f - activate You conjure some foxfire!
The foxfire hits the iguana but does no damage.
The iguana is heavily wounded.
The foxfire hits the iguana.
The iguana is severely wounded.
The iguana barely misses you.
Casting: Foxfire (safe; 4% risk of failure)
Press: ? - help, Q - select action, (/) - cycle Dir - look around, f - activate You conjure some foxfire!
The foxfire hits the iguana but does no damage.
The iguana is severely wounded.
The foxfire hits the iguana.
The iguana is severely wounded.
The iguana bites you!
* * * LOW HITPOINT WARNING * * *
Casting: Foxfire (safe; 4% risk of failure)
Press: ? - help, Q - select action, (/) - cycle Dir - look around, f - activate You conjure some foxfire!
* * * LOW HITPOINT WARNING * * *
The foxfire hits the iguana.
The iguana is almost dead.
The foxfire hits the iguana but does no damage.
The iguana is almost dead.
The kobold barely misses you. The iguana barely misses you.
Unknown command.
A giant cockroach comes into view.
The foxfire hits the kobold.
The kobold is heavily wounded.
The foxfire hits the kobold.
You kill the kobold!
Unknown command.
Found a stone staircase leading down.
Casting: Foxfire (safe; 4% risk of failure)
Press: ? - help, Q - select action, (/) - cycle Dir - look around, f - activate You conjure some foxfire!
* * * LOW HITPOINT WARNING * * *
The giant cockroach barely misses you. The iguana bites you!
You die...

#.............
#.........[. .
#......... ...
#.....).#.....
#.<)?.#
#.##### #.# .
##l###....
#v@....#
#.Bv.......
#......>####
#.......#
#.......#
##.....##
.......
#.......#


You could see an iguana (ally target) and a giant cockroach (ally target).

Vanquished Creatures
  A dart slug (D:1)
  3 endoplasms (D:1)
  A giant cockroach (D:1)
  2 goblins
  7 hobgoblins (D:1)
  4 jackals (D:1)
  3 kobolds
  3 ball pythons (D:1)
  3 bats (D:1)
  A frilled lizard (D:1)
28 creatures vanquished.

Vanquished Creatures (others)
  128 foxfires
128 creatures vanquished.

Grand Total: 156 creatures vanquished

Notes
Turn   | Place    | Note
-------+----------+-------------------------------------------
     0 | D:1      | robertstho the Djinni Fire Elementalist began the quest for
                  | the Orb.
     0 | D:1      | Reached XP level 1. HP: 15/15 MP: 0/0
   278 | D:1      | Reached XP level 2. HP: 18/21 MP: 0/0
   690 | D:1      | Found a faded altar of an unknown god.
   694 | D:1      | Reached skill level 3 in Spellcasting
   813 | D:1      | Reached XP level 3. HP: 23/25 MP: 0/0
   813 | D:1      | Learned a level 1 spell: Beastly Appendage
  1485 | D:2      | Slain by an iguana

Illustrated notes

Levels and vault maps discovered:
D:1:      ncdulo_watergridlock, layout_loops_ring,
          shapermc_ecumenical_altar_mp_highgroup, kennysheep_decorative_pillar
D:2:      layout_rooms, minmay_tromino_v7

Skill      XL: |  1  2 |
---------------+-------+-----
Spellcasting   | 3 |  3.3
Dodging        | |  2.3
Stealth        | |  1.7

Action                   || total
-------------------------++-------
 Cast: Foxfire           ||    79
Armor: Robe              ||     1
Dodge: Dodged            ||    11

Table legend: (Time is in decaauts)
 A = Elapsed time spent in this place.
 B = Non-inter-level travel time spent in this place.
 C = Inter-level travel time spent in this place.
 D = Time resting spent in this place.
 E = Time spent auto-exploring this place.
 F = Levels seen in this place.
 G = Mean time per level.
                   A        B        C        D        E       F      G
               +--------+--------+--------+--------+--------+-----+--------+
         Total |   1484 |   1472 |     12 |      0 |   1312 |   2 |  742.0 |
       Dungeon |   1484 |   1472 |     12 |      0 |   1312 |   2 |  742.0 |
               +--------+--------+--------+--------+--------+-----+--------+

Top non-repeatable levels by time:
     D:1: 1470 daAuts
     D:2: 13 daAuts
